 Dungeon Crawl Stone Soup version 0.26-b1-59-ge38874ec40 (webtiles) character file.

Game seed: 18210096118162668747

35 oldmanjim the Caller (level 3, -1/30 HPs)
             Began as a Formicid Summoner on Jan 9, 2021.
             Slain by a rat (3 damage)
             ... on level 2 of the Dungeon.
             The game lasted 00:10:29 (1505 turns).

oldmanjim the Caller (Formicid Summoner)            Turns: 1505, Time: 00:10:30

Health: -1/30      AC:  3    Str: 13    XL:     3   Next: 55%
Magic:  6/6        EV: 12    Int: 14    God:
Gold:   10         SH:  0    Dex: 11    Spells: 5/6 levels left

rFire    . . .     SeeInvis +   b - +0 mace
rCold    . . .     Faith    .   (no shield)
rNeg     . . .     Spirit   .   h - +0 robe
rPois    .         Reflect  .   (helmet unavailable)
rElec    .         Harm     .   (no cloak)
rCorr    .         Rampage  .   d - +0 pair of gloves
Will     .....                  (no boots)
Stlth    ++........             (no amulet)
HPRegen  0.10/turn              (no ring)
MPRegen  0.10/turn              (no ring)

@: lethally poisoned (-1 -> -10), flying
A: permanent stasis, dig shafts and tunnels, four strong arms, antennae 3,
blurry vision 1, robust 1
a: Dig, Shaft Self


You were on level 2 of the Dungeon.
You visited 1 branch of the dungeon, and saw 2 of its levels.

You collected 10 gold pieces.

Inventory:

Hand Weapons
 a - a +0 short sword
 b - a +0 mace (weapon)
Missiles
 i - 53 stones
 m - 21 poisoned darts (quivered)
 n - 40 sling bullets
Armour
 d - a +0 pair of gloves (worn)
 e - a +0 leather armour
 h - a +0 robe (worn)
 l - a +0 chain mail
Jewellery
 k - an uncursed ring of protection from fire {unknown}
Scrolls
 f - 2 scrolls of remove curse {unknown}


   Skills:
 + Level 2.9 Fighting
 - Level 1.7 Dodging
 - Level 3.0 Stealth
 - Level 2.1 Spellcasting
 - Level 4.0 Summonings


You had 5 spell levels left.
You knew the following spells:

 Your Spells              Type           Power        Failure   Level
a - Summon Small Mammal   Summ           48%          4%          1

Your spell library contained the following spells:

 Spells                   Type           Power        Failure   Level
 Call Imp                 Summ           12%          7%          2
 Call Canine Familiar     Summ           12%          14%         3
 Summon Guardian Golem    Hex/Summ       7%           30%         3
 Summon Ice Beast         Ice/Summ       7%           71%         4
 Summon Lightning Spire   Summ/Air       7%           71%         4


Dungeon Overview and Level Annotations

Branches:
Dungeon (2/15)

Altars:


Innate Abilities, Weirdness & Mutations

You cannot be hasted, slowed, berserked, paralysed or teleported.
You can dig through walls and to a lower floor.
Your four strong arms can wield two-handed weapons with a shield.
You have a pair of large antennae on your head. (SInv)
Scrolls take you a little longer to read.
You are robust. (+10% HP)


Message History

The adder poisons you! The rat bites you but does no damage.
You hit the adder.
The adder is almost dead.
You feel sick. The adder misses you. The rat bites you.
The adder barely misses you.
You barely miss the adder.
The adder is almost dead.
* * * LOW HITPOINT WARNING * * *
You feel sick. The adder bites you but does no damage.
The rat bites you but does no damage. The adder misses you. The rat bites you.
* * * LOW HITPOINT WARNING * * *
You hit the adder.
You kill the adder!
* * * LOW HITPOINT WARNING * * *
You feel sick. The rat bites you but does no damage.
It was a potion of mutation.
You feel extremely strange.
Your vision blurs.
You feel robust.
* * * LOW HITPOINT WARNING * * *
You feel sick. The rat bites you.
You die...

######### #........
#.######## #.........
##########..############
...(........†@>.........
..#....###..r...######.#
#.... ##.###.# #)... #.#
#.# #.... ..# #.# #....
#### #.# #...r #<# #..((
###


You could see a rat.

Vanquished Creatures
  An adder (D:2)
  2 leopard geckos (D:1)
  4 bats (D:1)
  A giant cockroach (D:1)
  A goblin (D:1)
  2 hobgoblins (D:1)
  3 jackals (D:1)
  A ball python (D:1)
  A frilled lizard (D:1)
  3 kobolds (D:1)
  5 rats (D:1)
24 creatures vanquished.

Notes
Turn   | Place    | Note
-------+----------+-------------------------------------------
     0 | D:1      | oldmanjim the Formicid Summoner began the quest for the
                  | Orb.
     0 | D:1      | Reached XP level 1. HP: 13/13 MP: 3/3
   359 | D:1      | Reached skill level 1 in Fighting
   359 | D:1      | Reached XP level 2. HP: 20/21 MP: 5/5
  1078 | D:1      | Reached XP level 3. HP: 26/27 MP: 6/6
  1505 | D:2      | Gained mutation: Scrolls take you a little longer to read.
                  | [potion of mutation]
  1505 | D:2      | Gained mutation: You are robust. (+10% HP) [potion of
                  | mutation]
  1505 | D:2      | Slain by a rat

Illustrated notes

Levels and vault maps discovered:
D:1:      lemuel_arrival_rhombus, layout_loops_ring, grunt_decor_cap,
          st_stairs_3
D:2:      layout_basic, nicolae_overflow_crystal_walls, minitemple,
          uniq_natasha, uniq_crazy_yiuf_cottage

Skill      XL: |  1  2 |
---------------+-------+-----
Fighting       | 1 2 |  2.9
Stealth        | 3 |  3.0
Dodging        | |  1.7
Spellcasting   | |  2.1
Summonings     | |  4.0

Action                   || total
-------------------------++-------
Melee: Mace              ||    93
Throw: Dart              ||     5
  Use: Potion            ||     3
 Stab: Sleeping          ||     3
Armor: Robe              ||    34
Dodge: Dodged            ||    90
